 Dungeon Crawl Stone Soup version 0.28.0-43-g3370ac3207 (webtiles) character file.

Game seed: 10967323365559181030

67776 zeratav the Black Belt (level 15, -4/124 HPs)
             Began as an Octopode Transmuter on Mar 30, 2022.
             Was an Elder of Ashenzari.
             Slain by a sea snake (16 damage)
             ... on level 2 of the Shoals on Mar 31, 2022.
             The game lasted 03:11:12 (29764 turns).

zeratav the Black Belt (Octopode Transmuter)       Turns: 29764, Time: 03:11:12

Health: -4/124     AC: 15    Str: 17    XL:     15   Next: 24%
Magic:  0/30       EV: 20    Int: 21    God:    Ashenzari [****..]
Gold:   605        SH:  0    Dex: 23    Spells: 17/36 levels left

rFire   + . .      SeeInvis +     - Unarmed
rCold   + + +      Faith    .   (shield currently unavailable)
rNeg    . . .      Spirit   +   (helmet currently unavailable)
rPois   +          Reflect  .   V - amulet of guardian spirit
rElec   .          Harm     .   a - ring "Chained Dissatisfaction" {Str+6, Self, Melee} (curse)
rCorr   .          Rampage  .   f - ring "Bound With Me" {rF+, Melee, Fort} (curse)
Will    +....      Clarity  +   t - ring "Tethered With Me" {AC+4, Elem, Melee} (curse)
Stlth   ++++++....              v - ring "Circumscribed Loss" {rPois, Self, Evo} (curse)
HPRegen 0.30/turn               F - ring of Panopticon {Dex+6, Melee, Elem} (curse)
MPRegen 0.22/turn               r - ring of the Eternal Jealousy {Fire, Elem, Cun} (curse)
                                p - ring of the Cursed Sage {rC+, Melee, Self} (curse)
                                (no ring)

@: lethally poisoned (-4 -> -6), about to teleport, ice-form
A: freezing attack, boosted hp, almost no armour, amphibious, 8 rings, large,
(camouflage 1), (gelatinous body 1), (nimble swimmer 1), (tentacles),
(iridescent scales 1), agile 1, (cold resistance 1), strong 1
a: End Transformation, Renounce Religion, Curse Item, Shatter the Chains


You were on level 2 of the Shoals.
You worshipped Ashenzari.
Ashenzari was greatly pleased with you.
You were a creature of crystalline ice.
You visited 4 branches of the dungeon, and saw 21 of its levels.
You also visited: Ossuary.

You collected 1776 gold pieces.
You spent 1171 gold pieces at shops.

Inventory:

Hand Weapons
 S - the +8 Wrath of Trog {antimagic, *Rage Rampage}
   (You found it on level 1 of the Shoals)

   It reduces the magical energy of the wielder, and disrupts the spells and
   magical abilities of those it strikes.
   Natural abilities and divine invocations are not affected.
   It causes slowness and exhaustion when equipped.
   It extends the wielder's berserk rage when killing foes.
   *Rage:     It berserks you when you make melee attacks (+50% chance).
   Rampage:   It bestows one free step when moving towards enemies.
Missiles
 d - 832 stones
 j - 53 poisoned darts (quivered)
 O - 2 throwing nets
 Q - 11 curare-tipped darts
 X - 5 silver javelins
Armour
 A - the cursed +1 buckler "Distant Submission" (melded) {reflect, Alch, Fort}
   (You took it off a gnoll sergeant on level 6 of the Dungeon)

   It has a curse which improves the following skills: Alchemy: Poison Magic and
   Transmutations.
   Fortitude: Shields.
Jewellery
 a - the cursed ring "Chained Dissatisfaction" (left front paw) {Str+6, Self, Melee}
   (You found it on level 1 of the Dungeon)

   [ring of strength]

   Str:       It affects your strength (+6).
   It has a curse which improves the following skills: Introspection: Fighting
   and Spellcasting.
   Melee Combat: Short Blades, Long Blades, Axes, Maces & Flails, Polearms,
   Staves and Unarmed Combat.
 e - an amulet of magic regeneration
 f - the cursed ring "Bound With Me" (right front paw) {rF+, Melee, Fort}
   (You acquired it on level 2 of the Dungeon)

   [ring of protection from fire]

   rF:        It protects you from fire.
   It has a curse which improves the following skills: Melee Combat: Short
   Blades, Long Blades, Axes, Maces & Flails, Polearms, Staves and Unarmed
   Combat.
   Fortitude: Shields.
 p - the cursed ring of the Cursed Sage (on tentacle) {rC+, Melee, Self}
   (You found it on level 13 of the Dungeon)

   [ring of protection from cold]

   rC:        It protects you from cold.
   It has a curse which improves the following skills: Melee Combat: Short
   Blades, Long Blades, Axes, Maces & Flails, Polearms, Staves and Unarmed
   Combat.
   Introspection: Fighting and Spellcasting.
 r - the cursed ring of the Eternal Jealousy (on tentacle) {Fire, Elem, Cun}
   (You found it on level 2 of the Lair of Beasts)

   [ring of fire]

   It enhances your fire magic.
   rF:        It protects you from fire.
   rC:        It makes you vulnerable to cold.
   It has a curse which improves the following skills: Elements: Fire Magic, Ice
   Magic, Air Magic and Earth Magic.
   Cunning:   Dodging and Stealth.
 t - the cursed ring "Tethered With Me" (on tentacle) {AC+4, Elem, Melee}
   (You found it on level 5 of the Dungeon)

   [ring of protection]

   AC:        It affects your AC (+4).
   It has a curse which improves the following skills: Elements: Fire Magic, Ice
   Magic, Air Magic and Earth Magic.
   Melee Combat: Short Blades, Long Blades, Axes, Maces & Flails, Polearms,
   Staves and Unarmed Combat.
 v - the cursed ring "Circumscribed Loss" (on tentacle) {rPois, Self, Evo}
   (You found it on level 6 of the Dungeon)

   [ring of poison resistance]

   rPois:     It protects you from poison.
   It has a curse which improves the following skills: Introspection: Fighting
   and Spellcasting.
   Evocations: Evocations.
 B - an amulet of reflection
 C - a ring of fire
 F - the cursed ring of Panopticon (on tentacle) {Dex+6, Melee, Elem}
   (You found it on level 10 of the Dungeon)

   [ring of dexterity]

   Dex:       It affects your dexterity (+6).
   It has a curse which improves the following skills: Melee Combat: Short
   Blades, Long Blades, Axes, Maces & Flails, Polearms, Staves and Unarmed
   Combat.
   Elements:  Fire Magic, Ice Magic, Air Magic and Earth Magic.
 H - a ring of flight
 V - an amulet of guardian spirit (around neck)
Wands
 g - a wand of digging (6)
 k - a wand of charming (5)
 m - a wand of polymorph (4)
 u - a wand of flame (28)
 E - a wand of mindburst (21)
 P - a wand of iceblast (17)
Scrolls
 c - 2 scrolls of enchant armour
 n - 2 scrolls of fear
 w - 12 scrolls of teleportation
 y - a scroll of immolation
 z - 2 scrolls of noise
 D - a scroll of fog
 I - 4 scrolls of magic mapping
 M - a scroll of blinking
 R - 3 scrolls of brand weapon
 T - 2 scrolls of silence
 Y - 3 scrolls of amnesia
 Z - 2 scrolls of vulnerability
Potions
 b - 3 potions of might
 h - a potion of heal wounds
 i - 13 potions of curing
 l - 4 potions of attraction
 o - a potion of magic
 q - 7 potions of mutation
 s - 2 potions of haste
 x - 4 potions of flight
 G - 8 potions of ambrosia
 J - 3 potions of resistance
 K - 5 potions of lignification
 L - 4 potions of brilliance
 N - 3 potions of invisibility
 U - 2 potions of cancellation


   Skills:
 + Level 6.4(10.3) Fighting
 * Level 11.2(13.2) Dodging
 + Level 10.4(12.3) Stealth
 + Level 0.7(1.7) Shields
 + Level 15.9(21.3) Unarmed Combat
 + Level 7.5(11.4) Spellcasting
 + Level 7.7 Transmutations
 + Level 8.4(12.3) Ice Magic
 * Level 7.5(11.4) Earth Magic
 + Level 5.3 Poison Magic


You had 17 spell levels left.
You knew the following spells:

 Your Spells              Type           Power      Damage    Failure   Level
a - Beastly Appendage     Tmut           88%        N/A       1%          1
b - Spider Form           Tmut/Pois      39%        N/A       1%          3
c - Ice Form              Ice/Tmut       52%        N/A       1%          4
d - Statue Form           Tmut/Erth      34%        N/A       17%         6
e - Lee's Rapid Deconstr  Erth           28%        3d16*     1%          5

Your spell library contained the following spells:

 Spells                   Type           Power      Damage    Failure   Level
 Ensorcelled Hibernation  Hex/Ice        74%        N/A       1%          2
 Wereblood                Tmut           44%        N/A       1%          2
 Petrify                  Tmut/Erth      51%        N/A       1%          4
 Hailstorm                Conj/Ice       37%        3d9       4%          4
 Apportation              Tloc           22%        N/A       5%          1
 Magic Dart               Conj           44%        1d5       5%          1
 Leda's Liquefaction      Hex/Erth       18%        N/A       5%          4
 Mephitic Cloud           Conj/Pois/Air  20%        N/A       8%          3
 Blink                    Tloc           22%        N/A       9%          2
 Call Imp                 Summ           11%        N/A       9%          2
 Searing Ray              Conj           22%        2d5       9%          2
 Alistair's Intoxication  Tmut/Pois      26%        N/A       11%         5
 Gell's Gravitas          Tloc           11%        N/A       17%         3
 Lesser Beckoning         Tloc           11%        N/A       17%         3
 Teleport Other           Tloc           11%        N/A       17%         3
 Anguish                  Hex/Necr       5%         N/A       50%         4
 Iskenderun's Mystic Bla  Conj/Tloc      11%        2d4       50%         4
 Manifold Assault         Tloc           11%        N/A       83%         5
 Summon Forest            Summ/Tloc      5%         N/A       83%         5
 Summon Mana Viper        Hex/Summ       11%        N/A       83%         5
 Summon Cactus Giant      Summ           5%         N/A       100%        6


Dungeon Overview and Level Annotations

Branches:
Dungeon (13/15)            Temple (1/1) D:5            Lair (5/6) D:10
 Shoals (2/4) Lair:2       Spider (0/4) Lair:3        Slime (0/5) Lair:5
    Orc (0/2) D:11        Ossuary (visited)
 Vaults: D:13-14

Altars:
Ashenzari
Cheibriados
Dithmenos
Elyvilon
Fedhas
Gozag
Hepliaklqana
Kikubaaqudgha
Makhleb
Nemelex Xobeh
Okawaru
Qazlal
Ru
Sif Muna
Trog
Uskayaw
Vehumet
Wu Jian
Xom
Yredelemnul
Zin
The Shining One
Jiyva

Shops:
D:1 ??   D:7 *   D:11 *   Shoals:1 *   Shoals:2 **

Annotations:
D:13 3 runed translucent doors, Dirphi Vium's ghost, journeyman MiBe; HilariousDeathArtist's ghost, journeyman VSBe


Innate Abilities, Weirdness & Mutations

You are a creature of crystalline ice.
You have a powerful freezing melee attack.
Your maximum health is increased.
Your armour is entirely melded.
You are incapable of wielding weapons or throwing items.
You cannot wear most types of armour.
You are amphibious.
You can wear up to eight rings at the same time.
((Your skin changes colour to match your surroundings (Stealth+).))
((Your rubbery body absorbs attacks. (AC +1, EV +1)))
((You are camouflaged when in or above water. (Stealth+)))
((You have tentacles for arms and can constrict up to eight enemies at once.))
((You are partially covered in iridescent scales. (AC +2)))
You are agile. (Dex +2)
((Your flesh is cold resistant. (rC+)))
Your muscles are strong. (Str +2)


Message History

* * * LOW HITPOINT WARNING * * *
The sea snake bites you but does no damage.
The sea snake completely misses you.
You completely miss the sea snake.
You feel sick. The sea snake bites you!
* * * LOW HITPOINT WARNING * * *
The sea snake bites you.
The merfolk aquamancer points at you and mumbles some strange words.
The shard of ice hits you!! You partially resist.
* * * LOW HITPOINT WARNING * * *
You feel much better.
You feel very sick. The sea snake bites you.
* * * LOW HITPOINT WARNING * * *
The sea snake closely misses you.
The sea snake bites you but does no damage.
The merfolk aquamancer completely misses you.
The sea snake bites you!
* * * LOW HITPOINT WARNING * * *
You feel sick. The sea snake bites you.
* * * LOW HITPOINT WARNING * * *
The sea snake closely misses you.
You feel much better.
You feel sick. The sea snake completely misses you.
The merfolk aquamancer points at you and mumbles some strange words.
The shard of ice misses you.
The sea snake bites you but does no damage.
The sea snake misses you.
As you read the scroll of teleportation, it crumbles to dust.
You feel strangely unstable.
You feel sick. The sea snake completely misses you. The sea snake misses you.
The sea snake barely misses you.
The merfolk aquamancer hits you but does no damage.
The sea snake bites you!
* * * LOW HITPOINT WARNING * * *
You pummel the merfolk aquamancer!! You freeze the merfolk aquamancer.
The merfolk aquamancer is moderately wounded.
You feel sick. The sea snake barely misses you. The sea snake bites you.
* * * LOW HITPOINT WARNING * * *
The merfolk aquamancer barely misses you.
You feel sick. The sea snake bites you!
You die...

≈ ≈ ≈≈≈≈≈≈≈≈##≈≈≈≈?≈≈# , ≈≈
≈≈≈≈≈≈≈≈#≈≈≈≈≈≈≈≈.,, ,,, ≈ ≈
≈≈≈≈≈≈≈≈#..≈≈≈≈≈≈≈ ≈ , ≈ ≈ ≈
≈≈≈≈≈≈≈≈.#≈≈≈≈≈≈≈≈≈≈≈##≈....
≈
≈≈≈≈≈≈≈...≈≈≈≈≈≈≈≈≈≈≈≈#≈≈≈≈.
≈≈ ≈≈≈≈≈≈...E≈≈≈≈≈≈≈≈.≈≈≈≈≈≈.
≈≈≈ ≈
≈≈≈≈≈≈≈..)Sm≈≈≈≈≈≈≈≈≈≈≈≈≈≈.
≈≈≈
≈≈≈≈≈≈≈.SS≈≈≈≈≈≈≈≈≈≈≈≈≈≈≈. ≈
≈≈≈≈≈≈..≈Y≈...≈≈≈≈≈≈≈≈≈...
≈≈≈≈≈≈≈≈≈≈≈.....≈≈≈≈≈≈≈....
≈≈≈≈≈≈≈≈≈≈≈..#####≈≈≈≈≈≈.....
≈≈ ≈≈≈≈≈≈≈≈.######...≈≈......
≈ ≈≈≈≈≈≈≈..#####.≈.≈≈..#....
≈≈ ≈≈≈≈≈...≈...).≈≈≈...##....
≈≈ ≈≈≈≈.###..≈≈≈≈≈≈..≈.##....
≈≈ ≈≈≈≈. ##.≈≈≈≈≈≈≈≈≈≈......
≈ ≈≈! * #.≈≈≈≈≈≈≈≈≈≈≈...†.


You could see 3 sea snakes, a merfolk aquamancer and a water elemental.

Vanquished Creatures
  The ghost of pkoi the Eclecticist, a journeyman DrCj of Sif Muna (Shoals:2)
  A merfolk javelineer (Shoals:2)
  A merfolk impaler (Shoals:2)
  Erolcha (D:11)
  The ghost of pkoi the Destroyer, a journeyman DECj of Dithmenos (Lair:2)
  Fannar (D:12)
  Harold (D:8)
  4 hydras
  4 boulder beetles
  An alligator snapping turtle (Shoals:1)
  2 centaur warriors (D:13)
  3 two-headed ogres
  2 merfolk aquamancers (Shoals:2)
  A tengu warrior (D:13)
  Nergalle (D:11)
  Sonja (Lair:3)
  4 sea snakes
  An obsidian statue (Shoals:2)
  3 harpies (Shoals:2)
  5 manticores
  4 cyclopes
  7 fauns
  2 merfolk sirens
  4 black mambas
  An elephant (Lair:3)
  A gargoyle (D:11)
  5 cane toads
  Maggie (D:10)
  A water nymph (Shoals:1)
  An unseen horror (D:13)
  4 rime drakes
  3 kobold demonologists
  A rime drake (shapeshifter) (D:11)
  A freezing wraith (D:12)
  4 komodo dragons
  11 merfolk
  3 trolls
  2 wind drakes (Shoals:1)
  2 polar bears
  A queen bee (Lair:3)
  2 hornets
  2 snapping turtles
  4 dream sheep (Lair:3)
  19 blink frogs
  A water elemental (Lair:2)
  2 shadows
  6 wyverns
  A wraith (D:12)
  7 basilisks
  6 vampire mosquitoes
  2 steam dragons
  59 yaks
  A redback (D:6)
  Edmund (D:4)
  Menkaure (D:4)
  An acid dragon (D:9)
  20 water moccasins
  7 orc warriors
  2 black bears
  An ice beast (D:7)
  10 centaurs
  A necrophage (D:6)
  8 wolves
  6 ogres
  A phantom (D:6)
  21 kobold brigands
  9 bullfrogs
  Blork the orc (D:4)
  2 gnoll sergeants
  9 scorpions
  A wyvern skeleton (D:7)
  45 killer bees
  13 wights
  3 howler monkeys
  2 electric eels (Lair:5)
  6 centaur zombies
  3 hounds
  3 bullfrog zombies
  8 orc priests
  Crazy Yiuf (D:4)
  A bullfrog skeleton (D:6)
  2 jellies (D:6)
  2 gnoll shamans
  Terence (D:2)
  2 iguanas
  Natasha (thrice) (D:3)
  9 orc wizards
  A killer bee zombie (D:8)
  8 mummies (Ossuary)
  A hound skeleton (D:5)
  A hound zombie (D:5)
  A howler monkey zombie (D:4)
  13 gnolls
  4 adders
  3 shadow imps
  3 white imps
  3 ufetubi
  3 worms
  4 dart slugs
  35 orcs
  7 ball pythons
  7 bats
  6 endoplasms
  5 giant cockroaches
  2 gnoll zombies (Ossuary)
  8 goblins
  7 hobgoblins
  10 kobolds
  A quokka (D:1)
  9 frilled lizards
  2 hobgoblin zombies (Ossuary)
  3 kobold zombies (Ossuary)
  An orc zombie (Ossuary)
  7 rats
  7 ball lightnings (Shoals:2)
  2 tentacles (Shoals:1)
580 creatures vanquished.

Vanquished Creatures (others)
  A satyr (Shoals:2)
  A harpy (Shoals:2)
  3 snapping turtles (Shoals:2)
  5 ball lightnings (Shoals:2)
  7 fungi
  33 plants
  7 tentacles (Shoals:1)
  A withered plant (D:13)
58 creatures vanquished.

Grand Total: 638 creatures vanquished

Notes
Turn   | Place    | Note
-------+----------+-------------------------------------------
     0 | D:1      | zeratav the Octopode Transmuter began the quest for the
                  | Orb.
     0 | D:1      | Reached XP level 1. HP: 13/13 MP: 3/3
   332 | D:1      | Reached XP level 2. HP: 18/18 MP: 5/5
   412 | D:1      | Found Zousm's Magic Scroll Shop.
   436 | D:1      | Found Omoi's Magic Scroll Emporium.
  1015 | D:2      | Reached XP level 3. HP: 21/23 MP: 6/6
  1239 | D:2      | Reached skill level 1 in Stealth
  1408 | D:2      | Noticed Terence
  1427 | D:2      | Killed Terence
  1428 | D:2      | Reached skill level 4 in Unarmed Combat
  1428 | D:2      | Reached XP level 4. HP: 28/29 MP: 7/7
  1450 | D:2      | Found a faded altar of an unknown god.
  1495 | D:2      | Identified a scroll of acquirement
  1495 | D:2      | Acquired a ring of protection from fire
  2057 | D:3      | Noticed Natasha
  2058 | D:3      | Noticed a black bear
  2063 | D:3      | Killed Natasha
  2288 | D:2      | Killed a black bear
  2289 | D:2      | Reached XP level 5. HP: 4/35 MP: 8/8
  2884 | D:3      | Noticed Natasha
  2895 | D:3      | Killed Natasha
  2896 | D:3      | Reached XP level 6. HP: 14/41 MP: 9/9
  3203 | D:3      | Noticed Natasha
  3211 | D:3      | Killed Natasha
  3603 | D:4      | Noticed Menkaure
  3612 | D:4      | Killed Menkaure
  3613 | D:4      | Reached skill level 5 in Unarmed Combat
  3621 | D:4      | Noticed Blork the orc
  3632 | D:4      | Killed Blork the orc
  3633 | D:4      | Reached XP level 7. HP: 33/46 MP: 8/10
  3929 | D:4      | Reached skill level 5 in Stealth
  4473 | D:4      | Noticed Edmund
  4486 | D:4      | Killed Edmund
  4720 | D:4      | Found a runed translucent door.
  4721 | D:4      | Noticed Crazy Yiuf
  4755 | D:4      | Found a stormy altar of Qazlal.
  4847 | D:4      | Killed Crazy Yiuf
  5273 | D:4      | Learned a level 3 spell: Spider Form
  5329 | D:5      | Entered Level 5 of the Dungeon
  5462 | D:5      | Reached XP level 8. HP: 19/54 MP: 12/12
  5465 | D:5      | Reached skill level 6 in Unarmed Combat
  5465 | D:5      | Reached skill level 1 in Poison Magic
  6406 | D:5      | Reached skill level 7 in Unarmed Combat
  6408 | D:5      | Found a staircase to the Ecumenical Temple.
  6417 | Temple   | Entered the Ecumenical Temple
  6626 | Temple   | Became a worshipper of Ashenzari the Shackled
  6785 | D:5      | Reached XP level 9. HP: 58/58 MP: 10/14
  7399 | D:6      | Found a runed translucent gate.
  7402 | D:6      | Identified the +2 robe of Tamis {rPois}
  7511 | D:6      | Found a runed translucent door.
  7545 | D:6      | Found a blossoming altar of Fedhas.
  7584 | D:6      | Found the +9 staff of Olgreb {rPois∞}
  7637 | D:6      | Found a runed translucent door.
  7987 | D:6      | Reached skill level 1 in Ice Magic
  8443 | D:6      | Reached skill level 5 in Dodging
  8465 | D:6      | Found an opulent altar of Gozag.
  8602 | D:6      | Learned a level 4 spell: Ice Form
  8758 | D:6      | Found a runed translucent gate.
  8759 | D:6      | Found a runed translucent gate.
  8776 | D:6      | Reached skill level 8 in Unarmed Combat
  8811 | D:6      | Reached XP level 10. HP: 33/65 MP: 9/16
  9301 | D:6      | Gained mutation: Your muscles are strong. (Str +2) [potion
                  | of mutation]
  9301 | D:6      | Gained mutation: You have hidden genetic potential. [potion
                  | of mutation]
  9301 | D:6      | Gained mutation: You are partially covered in iridescent
                  | scales. (AC +2) [potion of mutation]
  9663 | D:6      | Found an ornate altar of the Wu Jian Council.
  9664 | D:6      | Found a sacrificial altar of Ru.
  9876 | D:7      | Reached skill level 9 in Unarmed Combat
 10152 | D:7      | Found an iron altar of Okawaru.
 10214 | D:7      | Found Weamere's CLEARANCE SALE!.
 10492 | D:7      | Noticed a boulder beetle
 10508 | D:7      | Killed a boulder beetle
 10531 | D:7      | Reached skill level 5 in Transmutations
 10936 | D:7      | Reached skill level 5 in Poison Magic
 10943 | D:7      | Identified the cursed +1 buckler "Distant Submission"
                  | {reflect, Alch, Fort} (You took it off a gnoll sergeant on
                  | level 6 of the Dungeon)
 11219 | D:8      | Reached skill level 10 in Unarmed Combat
 11321 | D:8      | Found a sand-covered staircase.
 11329 | Ossuary  | Entered an ossuary
 11752 | D:8      | Noticed Harold
 11762 | D:8      | Killed Harold
 11763 | D:8      | Reached XP level 11. HP: 44/70 MP: 9/18
 12163 | D:8      | Found a basalt altar of Yredelemnul.
 12414 | D:9      | Gained mutation: You are agile. (Dex +2) [hidden potential]
 12542 | D:9      | Found a flagged portal.
 12780 | D:9      | You fall into a shaft and drop 1 floor!
 12780 | D:10     | Entered Level 10 of the Dungeon
 12805 | D:10     | Reached skill level 5 in Spellcasting
 13114 | D:10     | Found a staircase to the Lair.
 13279 | D:10     | Reached skill level 11 in Unarmed Combat
 13732 | D:10     | Reached skill level 5 in Ice Magic
 13737 | D:10     | Reached skill level 5 in Fighting
 14626 | D:10     | Noticed Maggie
 14644 | D:10     | Killed Maggie
 14677 | D:10     | Reached XP level 12. HP: 74/77 MP: 13/19
 14804 | D:10     | Found a glowing silver altar of Zin.
 14804 | D:10     | Found a glowing golden altar of the Shining One.
 14805 | D:10     | Found a snail-covered altar of Cheibriados.
 15044 | D:10     | Reached * piety under Ashenzari
 15166 | D:9      | Noticed a boulder beetle
 15172 | D:9      | Noticed a two-headed ogre
 15189 | D:9      | Killed a two-headed ogre
 15190 | D:9      | Reached skill level 12 in Unarmed Combat
 15203 | D:9      | Gained mutation: Your flesh is cold resistant. (rC+)
                  | [hidden potential]
 15203 | D:9      | Lost mutation: You have hidden genetic potential. [hidden
                  | potential expressed]
 15205 | D:9      | Killed a boulder beetle
 15465 | D:9      | Found an ancient bone altar of Kikubaaqudgha.
 15486 | D:9      | Found a shadowy altar of Dithmenos.
 16624 | D:11     | Found a staircase to the Orcish Mines.
 16875 | D:11     | Noticed a two-headed ogre
 16877 | D:11     | Noticed Nergalle
 16882 | D:11     | Killed a two-headed ogre
 16897 | D:11     | Killed Nergalle
 17206 | D:11     | Paralysed by a hornet for 3 turns
 17214 | D:11     | Reached skill level 13 in Unarmed Combat
 17484 | D:11     | Noticed Erolcha
 17488 | D:11     | Found Ulais's Pet Rocks.
 17513 | D:11     | Killed Erolcha
 17670 | D:11     | Bought the Guide on the Mountains for 576 gold pieces
 17677 | D:11     | Learned a level 6 spell: Statue Form
 18139 | D:12     | Noticed Fannar
 18161 | D:12     | Killed Fannar
 18255 | D:12     | Reached skill level 1 in Earth Magic
 18603 | D:12     | Noticed a boulder beetle
 18636 | D:12     | Killed a boulder beetle
 18637 | D:12     | Reached XP level 13. HP: 85/85 MP: 21/23
 18672 | D:12     | Reached ** piety under Ashenzari
 20221 | D:13     | Reached skill level 14 in Unarmed Combat
 20378 | D:13     | Found a runed translucent gate.
 20378 | D:13     | Found a runed translucent gate.
 20379 | D:13     | Found a runed translucent gate.
 20381 | D:13     | Noticed HilariousDeathArtist's ghost (journeyman VSBe)
 20381 | D:13     | Noticed Dirphi Vium's ghost (journeyman MiBe)
 20449 | Lair:1   | Entered Level 1 of the Lair of Beasts
 21489 | Lair:2   | Found a staircase to the Shoals.
 21776 | Lair:2   | Reached *** piety under Ashenzari
 21990 | Lair:2   | Found a runed translucent door.
 21990 | Lair:2   | Noticed pkoi's ghost (journeyman DECj)
 22006 | Lair:2   | Killed pkoi's ghost
 22256 | Lair:2   | Identified the Collected Works on Displaced Conjuration
 23062 | Lair:3   | Found a hole to the Spider Nest.
 23226 | Lair:3   | Reached **** piety under Ashenzari
 23261 | Lair:3   | Noticed Sonja
 23264 | Lair:3   | Killed Sonja
 23599 | Lair:3   | Reached skill level 5 in Earth Magic
 23599 | Lair:3   | Reached XP level 14. HP: 98/98 MP: 28/28
 23689 | Lair:3   | Reached skill level 10 in Dodging
 24700 | Lair:4   | Reached skill level 15 in Unarmed Combat
 25837 | Lair:5   | Found a viscous altar of Jiyva.
 25837 | Lair:5   | Found a staircase to the Slime Pits.
 26599 | Shoals:1 | Entered Level 1 of the Shoals
 27744 | Shoals:1 | Found the +8 Wrath of Trog {antimagic, *Rage Rampage}
 27747 | Shoals:1 | Found Jevvos's Assorted Antiques.
 27778 | Shoals:1 | Bought a potion of heal wounds for 195 gold pieces
 27824 | Shoals:1 | Noticed a kraken
 29032 | Shoals:2 | Reached XP level 15. HP: 103/103 MP: 26/30
 29066 | Shoals:2 | Found a runed translucent gate.
 29066 | Shoals:2 | Found a runed translucent gate.
 29066 | Shoals:2 | Found a runed translucent gate.
 29067 | Shoals:2 | Found an opulent altar of Gozag.
 29074 | Shoals:2 | Noticed pkoi's ghost (journeyman DrCj)
 29099 | Shoals:2 | Reached skill level 10 in Stealth
 29465 | Shoals:2 | Found Dailioli's Assorted Antiques.
 29467 | Shoals:2 | Found Tefusch's Assorted Antiques.
 29481 | Shoals:2 | Learned a level 5 spell: Lee's Rapid Deconstruction
 29492 | Shoals:2 | Killed pkoi's ghost
 29549 | Shoals:2 | Bought an ivory ring for 200 gold pieces
 29549 | Shoals:2 | Bought a dented bronze amulet for 200 gold pieces
 29758 | Shoals:2 | HP: 6/124 [merfolk aquamancer/shard of ice (23)]
 29764 | Shoals:2 | Slain by a sea snake

Illustrated notes

Levels and vault maps discovered:
D:1:      wander_arrival_estate, layout_basic, serial_shops, shop, shop
D:2:      layout_loops_ring, hellmonk_ecumenical_altar_lost_god, uniq_terence
D:3:      layout_loops_ring, small_statue_intersection, kennysheep_doodads,
          uniq_natasha
D:4:      layout_loops_ring, grunt_qazlal_sundering, uniq_menkaure, uniq_edmund,
          uniq_blork_the_orc, uniq_crazy_yiuf_cottage
D:5:      layout_loops_ring, minmay_temple_entry_junction_2,
          amcnicky_mini_rare_corridor_liquid, minmay_lizard_king
D:6:      layout_cave_pods, grunt_gozag_breadcrumbs, fedhas_altar_3,
          gammafunk_temple_overflow_statue, minmay_misc_feat_room,
          grunt_ministairs_14, roderic_st_hans_cross, minivault_22,
          minmay_guarded_unrand_staff_of_olgreb
D:7:      layout_loops_ring, mainiacjoe_overflow_boulevard, nrook_mini_vaults,
          nicolae_shop_clearance
D:8:      layout_loops_ring, lemuel_crystal_altar, chequers_ossuary_entry_cave,
          uniq_harold
D:9:      layout_rooms, kiku_gazebo_pond_becter,
          grunt_dithmenos_smoke_and_mirrors, enter_bailey_5
D:10:     layout_roguey [special_room_kobold], gammafunk_temple_overflow_claw,
          lair_entry_dummy, uniq_maggie
D:11:     layout_loops_ring, david_orc_4, guppyfry_shop_earth, uniq_nergalle,
          uniq_erolcha
D:12:     layout_roguey, serial_co_window_serial, co_window_paths_a,
          co_window_paths_b, co_window_cross_1, co_window_corner_a,
          co_window_paths_a, co_window_corner_a, co_window_of_opportunity_a,
          co_window_2corner, co_window_paths_c, co_window_broadway_c,
          co_window_broadway_b, uniq_fannar
D:13:     layout_layer_cave, gammafunk_ghost_cemetery
Temple:   jpeg_temple_alley_garden
Lair:1:   layout_cave_shapes, grunt_megastairs_5
Lair:2:   layout_layer_cave, elwin_shoals_entry_rooms, gammafunk_ghost_grave,
          grunt_megastairs_3
Lair:3:   regret_index_bee_streams, layout_layer_cave,
          spider_nest_entry_web_field, lemuel_fruit_tree, uniq_sonja
Lair:4:   layout_roguey
Lair:5:   layout_cave_pods, dpeg_slime_entry_enclosed_altar,
          infiniplex_staircase_pool, serial_bayou_shore_a
Shoals:1: layout_shoals, serial_shops, nicolae_shop_crystal
Shoals:2: layout_shoals, ebering_ghost_gozag, ldierk_geyser,
          nicolae_shoals_aquamancer_cove

Skill      XL: |  1  2  3  4  5  6  7  8  9 10 11 12 13 14 15 |
---------------+----------------------------------------------+-----
Stealth        | 2 3 4 5 6 7 8 9 10 | 10.4
Fighting       | 2 3 4 5 6 |  6.4
Unarmed Combat | 4 5 7 8 10 11 13 14 15 | 15.9
Dodging        | 3 4 5 6 7 8 9 11 | 11.2
Transmutations | 3 4 5 6 7 |  7.7
Poison Magic   | 3 4 5 |  5.3
Spellcasting   | 3 4 5 6 7 |  7.5
Ice Magic      | 2 4 6 7 8 |  8.4
Earth Magic    | 1 5 7 |  7.5
Shields        | |  0.7

Action                   |  1- 3 |  4- 6 |  7- 9 | 10-12 | 13-15 || total
-------------------------+-------+-------+-------+-------+-------++-------
Melee: Unarmed           |    48 |    68 |   283 |   647 |   559 ||  1605
       Constrict         |    12 |    16 |    24 |     3 |     5 ||    60
       Tentacles         |     6 |    13 |    35 |     6 |     8 ||    68
       Punch             |     2 |     4 |     4 |       |     4 ||    14
       Kick              |     3 |     3 |    25 |     3 |       ||    34
Throw: Dart              |       |    18 |    13 |       |       ||    31
       Stone             |       |     1 |     5 |       |       ||     6
 Cast: Beastly Appendage |     1 |     8 |    17 |     1 |       ||    27
       Spider Form       |       |       |    21 |    24 |     1 ||    46
       Ice Form          |       |       |       |    32 |    63 ||    95
       Lee's Rapid Decon |       |       |       |       |     2 ||     2
       Statue Form       |       |       |       |       |     1 ||     1
Invok: Curse Item        |       |       |       |     3 |     5 ||     8
 Abil: End Transformatio |       |       |     2 |     7 |     2 ||    11
Evoke: Wand              |       |       |       |     7 |     5 ||    12
  Use: Scroll            |     2 |     1 |     6 |     9 |     1 ||    19
       Potion            |       |       |     6 |     1 |     4 ||    11
 Stab: Sleeping          |     8 |     7 |     7 |     9 |    24 ||    55
       Distracted        |       |       |       |     4 |     3 ||     7
Armor: Skin              |     1 |     6 |    24 |   124 |   150 ||   305
Dodge: Dodged            |    31 |    37 |   208 |   422 |   412 ||  1110
Block: Buckler           |       |       |       |     2 |     2 ||     4
